 Dungeon Crawl Stone Soup version 0.31.0-11-ge490571c62 (webtiles) character file.

Game seed: 17835557603607066496

38 qw the Shooter (level 3, -1/18 HPs)
             Began as a Spriggan Hunter on Feb 3, 2024.
             Slain by a goblin
             ... wielding a +1 dagger of protection
             ... led by Robin
              (7 damage)
             ... on level 2 of the Dungeon.
             The game lasted 00:00:01 (785 turns).

qw the Shooter (Spriggan Hunter)                     Turns: 785, Time: 00:00:02

Health: -1/18      AC:  2    Str:  7    XL:     3   Next: 25%
Magic:  4/4        EV: 19    Int: 10    God:
Gold:   80         SH:  0    Dex: 20    Spells: 2/2 levels left

rFire   . . .        a - +0 shortbow
rCold   . . .        (shield currently unavailable)
rNeg    . . .        c - +0 robe
rPois   .            (helmet restricted)
rElec   .            (no cloak)
rCorr   .            (gloves unavailable)
SInv    +            (boots unavailable)
Will    .....        (no amulet)
Stlth   ++           (no ring)
HPRegen 0.23/turn    (no ring)
MPRegen 0.09/turn

%: no passive effects
@: very quick
A: very small, no large weapons, unfitting armour, see invisible, speed 3
a: no special abilities


You were on level 2 of the Dungeon.
You visited 1 branch of the dungeon, and saw 2 of its levels.

You collected 80 gold pieces.


Innate Abilities, Weirdness & Mutations

You are very small and have problems with some larger weapons.
You are too small for most types of armour.
You have supernaturally acute eyesight. (SInv)
You cover ground extremely quickly. (Speed+++)


   Skills:
 - Level 1.5 Fighting
 + Level 4.6 Ranged Weapons
 - Level 4.0 Dodging
 - Level 1.5 Stealth


You had 2 spell levels left.
You didn't know any spells.
Your spell library was empty.

Inventory:

Hand Weapons
 a - a +0 shortbow (weapon)
Armour
 c - a +0 robe (worn)
Scrolls
 b - a scroll of teleportation {unknown}
Potions
 d - a potion of might {unknown}
 e - a potion of heal wounds {unknown}

Dungeon Overview and Level Annotations

Branches:
Dungeon (2/15)

Altars:

Annotations:
D:2 Robin


Message History

The hobgoblin is moderately wounded.
Robin says, "My goblins will feast on your bones."
You shoot an arrow. The arrow hits the hobgoblin.
The hobgoblin is almost dead.
Robin roars a battlecry!
The goblins go into a battle-frenzy!
The hobgoblin closely misses you. The hobgoblin barely misses you.
You shoot an arrow.
The arrow hits the hobgoblin but does no damage.
The hobgoblin is almost dead.
The hobgoblin closely misses you.
A goblin comes into view.
It is wielding a +1 dagger of protection.
You shoot an arrow. The goblin shouts!
The arrow hits the hobgoblin!
You kill the hobgoblin!
You shoot an arrow. The arrow hits the goblin.
The goblin is heavily wounded.
The goblin barely misses you.
You shoot an arrow. The arrow completely misses the goblin.
The arrow closely misses Robin.
The goblin misses you.
You shoot an arrow. The arrow closely misses the goblin.
The arrow hits Robin!
Robin is moderately wounded.
Robin throws the goblin at you! The goblin closely misses you.
The goblin completely misses you. The goblin closely misses you.
You shoot an arrow. The arrow hits the goblin.
You kill the goblin!
The goblin hits you with a +1 dagger of protection.
You shoot an arrow. The arrow hits Robin.
Robin is heavily wounded.
The goblin hits you with a +1 dagger of protection.
Robin barely misses you.
You shoot an arrow. The arrow hits Robin.
Robin is severely wounded.
The goblin barely misses you. Robin misses you.
You shoot an arrow. The arrow barely misses Robin.
Robin hits you with a +0 short sword.
The goblin hits you with a +1 dagger of protection!
You die...

#....###
#####.#....
...?.#...
....... # (....
#. .%. #. #g#
#.#.##@#
#.#.#..#g#
#.#.##...#
#.#.###.##
#.#.#....#
#...#.##.##
#..#.##..###...
#....##.......#
#...###.#.##.##


You could see Robin and a goblin (strong).

Vanquished Creatures
  An adder (D:2)
  2 dart slugs (D:1)
  An endoplasm (D:1)
  3 giant cockroaches (D:1)
  6 goblins
  4 hobgoblins
  A ball python (D:1)
  A bat (D:2)
  A kobold (D:1)
  4 rats
24 creatures vanquished.

Notes
Turn   | Place    | Note
-------+----------+-------------------------------------------
     0 | D:1      | qw the Spriggan Hunter began the quest for the Orb.
     0 | D:1      | Reached XP level 1. HP: 10/10 MP: 2/2
     0 | D:1      | 0 ||| qw: Version: 0.3-a-158-g18b3111
     0 | D:1      | 0 ||| qw: Game counter: 4246
     0 | D:1      | 0 ||| qw: Melee chars always use a shield: true
     0 | D:1      | 0 ||| qw: God list: Okawaru
     0 | D:1      | 0 ||| qw: Allow faded altars: false
     0 | D:1      | 0 ||| qw: Do Orc after clearing Dungeon:15 true
     0 | D:1      | 0 ||| qw: Do second Lair branch before Depths: true
     0 | D:1      | 0 ||| qw: Lair rune preference: random
     0 | D:1      | 0 ||| qw: Goals: Normal
     0 | D:1      | 0 ||| PLANNING D:1-11
    20 | D:1      | Reached skill level 3 in Dodging
   171 | D:1      | Reached XP level 2. HP: 12/14 MP: 3/3
   565 | D:1      | 565 ||| DROPPING scroll of butterflies.
   726 | D:2      | Reached XP level 3. HP: 18/18 MP: 4/4
   774 | D:2      | Noticed Robin
   785 | D:2      | Slain by a goblin

Levels and vault maps discovered:
D:1:      nicolae_arrival_washed_ashore, layout_loops_ring
D:2:      minmay_diamond_boxcup, layout_rooms, basic_altar, uniq_robin

Skill      XL: |  1  2 |
---------------+-------+-----
Dodging        | 3 4 |  4.0
Fighting       | |  1.5
Ranged Weapons | |  4.6
Stealth        | |  1.5

Action                     || total
---------------------------++-------
   Fire: Shortbow          ||    65
 Armour: Robe              ||     7
  Dodge: Dodged            ||    20

Table legend:
 A = Non-vault XP
 B = Vault XP
 C = Vault XP percentage of total XP
 D = Non-vault monster count
 E = Vault monster count
 F = Vault count percentage of total count
                 A         B        C        D         E       F
            +---------+---------+-------+---------+---------+-------
      Total |      44 |      11 |  20.0 |      18 |       6 |  25.0
            +---------+---------+-------+---------+---------+-------
        D:1 |      27 |       0 |   0.0 |      14 |       0 |   0.0
        D:2 |      17 |      11 |  39.3 |       4 |       6 |  60.0
            +---------+---------+-------+---------+---------+-------
